 Dungeon Crawl Stone Soup version 0.28.0-49-g6dfe1f597d (webtiles) character file.

Game seed: 13495985410095729877

1590 hawla the Firebug (level 8, -14/36 HPs)
             Began as a Felid Fire Elementalist on May 15, 2022.
             Was a Believer of Vehumet.
             Demolished by Grum
             ... wielding a +0 halberd of venom
              (25 damage)
             ... on level 8 of the Dungeon.
             The game lasted 00:22:46 (9071 turns).

hawla the Firebug (Felid Fire Elementalist)         Turns: 9071, Time: 00:22:47

Health: -14/36     AC:  2    Str:  6    XL:     8   Next: 61%
Magic:  15/25      EV: 19    Int: 17    God:    Vehumet [**....]
Gold:   819        SH:  0    Dex: 16    Spells: 6/17 levels left
                                        Lives:  0   Deaths: 2

rFire   + + +      SeeInvis +     - Unarmed
rCold   . . .      Faith    .   (shield unavailable)
rNeg    . . .      Spirit   .   (armour unavailable)
rPois   +          Reflect  .   (helmet unavailable)
rElec   .          Harm     .   (cloak unavailable)
rCorr   .          Rampage  .   (gloves unavailable)
Will    ++...                   (boots unavailable)
Stlth   ++........              (no amulet)
HPRegen 0.12/turn               b - ring of willpower
MPRegen 0.19/turn               g - ring of Feududd {*Corrode rPois rF+++ MP+9}

@: quick
A: very small, claws 1, fangs 3, see invisible, speed 1, shaggy fur 2, stealthy
paws, no weapons or thrown items, no armour, multi-lived, dopey 1, mutation
resistance 1, strong 1
a: Renounce Religion


You were on level 8 of the Dungeon.
You worshipped Vehumet.
Vehumet was pleased with you.
You visited 2 branches of the dungeon, and saw 9 of its levels.
You also visited: Sewer.

You collected 819 gold pieces.

Inventory:

Jewellery
 b - a ring of willpower (left paw)
 g - the ring of Feududd (right paw) {*Corrode rPois rF+++ MP+9}
   (You took it off a kobold on level 3 of the Dungeon)

   [ring of magical power]

   rF:        It renders you almost immune to fire.
   rPois:     It protects you from poison.
   MP:        It affects your magic capacity (+9).
   *Corrode:  It may corrode you when you take damage.
Wands
 j - a wand of charming (3)
Scrolls
 c - a scroll of fog
 e - 3 scrolls of fear
 i - a scroll of teleportation
 k - a scroll of brand weapon {unknown}
 m - a scroll of enchant armour {unknown}
 o - a scroll of summoning {unknown}
Potions
 a - a potion of curing {unknown}
 d - 2 potions of heal wounds
 f - a potion of invisibility
 h - a potion of ambrosia
 l - 2 potions of brilliance {unknown}
 n - a potion of degeneration
 p - a potion of cancellation


   Skills:
 - Level 4.5 Fighting
 + Level 4.4 Dodging
 - Level 3.0 Stealth
 + Level 1.1 Unarmed Combat
 - Level 5.0 Spellcasting
 * Level 5.2 Conjurations
 + Level 6.8 Fire Magic


You had 6 spell levels left.
You knew the following spells:

 Your Spells              Type           Power      Damage    Failure   Level
a - Foxfire               Conj/Fire      96%        2x1d8     1%          1
b - Scorch                Fire           54%        2d7       1%          2
c - Conjure Flame         Conj/Fire      24%        6-21      3%          3
d - Magic Dart            Conj           88%        1d7       1%          1
e - Flame Wave            Conj/Fire      24%        2d7       12%         4

Your spell library contained the following spells:

 Spells                   Type           Power      Damage    Failure   Level
 Inner Flame              Hex/Fire       15%        N/A       11%         3
 Sandblast                Erth           8%         2d5       14%         1
 Stone Arrow              Conj/Erth      26%        3d8       14%         3
 Passwall                 Tmut/Erth      3%         N/A       22%         2


Dungeon Overview and Level Annotations

Branches:
Dungeon (9/15)             Temple (1/1) D:4           Sewer (visited)
   Lair: D:8-11         Orc: D:9-12

Altars:
Ashenzari
Cheibriados
Dithmenos
Elyvilon
Fedhas
Gozag
Hepliaklqana
Kikubaaqudgha
Makhleb
Nemelex Xobeh
Okawaru
Qazlal
Ru
Sif Muna
Uskayaw
Vehumet
Wu Jian
Xom
Yredelemnul
Zin
The Shining One

Annotations:
D:3 1 runed translucent door, Crazy Yiuf
D:4 3 runed translucent doors, Zeld's ghost, amateur OpTm
D:8 Grum
D:9 1 runed translucent door, DemonSlayer's ghost, novice DsFE


Innate Abilities, Weirdness & Mutations

You have sharp claws.
You have razor-sharp teeth.
You have supernaturally acute eyesight. (SInv)
You cover ground quickly. (Speed+)
You are covered in thick fur. (AC +2)
Your paws help you pounce on unaware monsters.
You are incapable of wielding weapons or throwing items.
You cannot wear armour.
You gain extra lives every three experience levels.
You are dopey. (Int -2)
You are somewhat resistant to further mutation.
Your muscles are strong. (Str +2)


Message History

The spell is quite dangerous to miscast (14% risk of failure)!
Continue anyway?
Casting: Flame Wave (quite dangerous; 14% risk of failure)
Press: ? - help, Dir - look around, f - activate A wave of flame ripples out!
The flame wave engulfs the centaur!
You kill the centaur!
Vehumet accepts your kill.
You feel your power returning.
The flame wave engulfs the wolf.
The wolf is heavily wounded.
The flame wave engulfs the wolf.
The wolf is heavily wounded. (Press . to intensify the flame waves.)
The wolf bites you! The wolf bites you. Grum completely misses you.
The wolf bites you.
Your Conjurations skill increases to level 5!
A wave of flame ripples out!
The flame wave engulfs the wolf!
The wolf is almost dead.
The flame wave engulfs the wolf!
The wolf is almost dead.
The flame wave engulfs Grum.
Grum is moderately wounded.
The wolf bites you. x3; Grum misses you.
A wave of flame ripples out!
The flame wave engulfs the wolf!
You kill the wolf!
Vehumet accepts your kill.
The flame wave engulfs the wolf.
You kill the wolf!
Vehumet accepts your kill.
You feel your power returning.
The flame wave engulfs Grum.
Grum is heavily wounded.
The flame wave engulfs the wolf!
The wolf is moderately wounded.
You finish channelling waves of flame.
Grum misses you.
Casting: Flame Wave (quite dangerous; 12% risk of failure)
Confirm with . or Enter, or press ? or * to list all spells.
Flames lash the wolf.
The wolf is severely wounded.
The wolf's fire resistance burns away.
Grum hits you from afar with a +0 halberd of venom!!
Ouch! That really hurt!
You die...

#...©... #..# # ...###.
#..# .# [ u##©##
#..##.# . .u###...###
#....)## .. .##...##
##.......
..####.(...####.>......
.....#.#.............
#.#.#...............
#.)@.###............
###.†.##..........^.
.g.................
..h######.........)..
#### ###..........
###########


You could see Grum and a wolf (combustible).

Vanquished Creatures
  A troll (D:9)
  Sigmund (D:3)
  3 ogres
  An ice beast (D:5)
  A necrophage (D:6)
  2 centaurs
  2 wolves (D:8)
  A kobold brigand (D:9)
  3 scorpions
  A bullfrog zombie (D:6)
  3 jellies
  2 orc priests
  A hound (D:6)
  A bullfrog skeleton (D:5)
  An iguana (D:4)
  3 orc wizards
  A hound skeleton (D:4)
  8 adders
  6 river rats (Sewer)
  A shadow imp (D:6)
  3 white imps (D:5)
  An ufetubus (D:4)
  An adder skeleton (D:4)
  5 worms
  15 orcs
  5 bats
  9 endoplasms
  6 giant cockroaches
  10 goblins
  9 hobgoblins
  2 jackals (D:4)
  6 quokkas
  9 ball pythons
  7 frilled lizards
  10 kobolds
  19 rats
160 creatures vanquished.

Vanquished Creatures (others)
  429 foxfires
429 creatures vanquished.

Grand Total: 589 creatures vanquished

Notes
Turn   | Place    | Note
-------+----------+-------------------------------------------
     0 | D:1      | hawla the Felid Fire Elementalist began the quest for the
                  | Orb.
     0 | D:1      | Reached XP level 1. HP: 7/7 MP: 4/4
   514 | D:1      | Reached skill level 3 in Fire Magic
   535 | D:1      | Reached XP level 2. HP: 11/11 MP: 1/6
   592 | D:1      | Reached skill level 1 in Conjurations
  1468 | D:1      | Found a faded altar of an unknown god.
  1523 | D:1      | Reached XP level 3. HP: 14/14 MP: 7/7
  1526 | D:1      | Learned a level 2 spell: Scorch
  2362 | D:3      | Learned a level 3 spell: Conjure Flame
  2537 | D:3      | Noticed Sigmund
  2542 | D:3      | Killed Sigmund
  2543 | D:3      | Reached skill level 4 in Fire Magic
  2543 | D:3      | Reached XP level 4. HP: 18/18 MP: 1/8
  2543 | D:3      | Reached XP level 5. HP: 21/21 MP: 1/9
  2819 | D:3      | Identified the ring of Feududd {*Corrode rPois rF+++ MP+9}
  2858 | D:3      | HP: 1/21 [poisoned by an adder]
  2860 | D:3      | Succumbed to an adder's poison
  2861 | D:3      | Reached XP level 4. HP: 0/18 MP: 1/8
  3445 | D:3      | Reached XP level 5. HP: 21/21 MP: 2/9
  3663 | D:4      | Found a runed translucent gate.
  3663 | D:4      | Found a runed translucent gate.
  3663 | D:4      | Found a runed translucent gate.
  3664 | D:4      | Noticed Zeld's ghost (amateur OpTm)
  4038 | D:4      | Found a staircase to the Ecumenical Temple.
  4055 | Temple   | Entered the Ecumenical Temple
  4287 | Temple   | Became a worshipper of Vehumet
  4337 | D:4      | Noticed an ogre
  4343 | D:4      | Killed an ogre
  4344 | D:4      | Reached skill level 1 in Fighting
  4344 | D:4      | Reached skill level 1 in Unarmed Combat
  4344 | D:4      | Gained mutation: You are covered in thick fur. (AC +2)
                  | [Felid growth]
  4344 | D:4      | Reached XP level 6. HP: 25/25 MP: 4/11
  5186 | D:3      | Reached skill level 5 in Fire Magic
  5186 | D:3      | Reached XP level 7. HP: 29/29 MP: 4/13
  5288 | D:3      | Found a runed translucent door.
  5289 | D:3      | Noticed Crazy Yiuf
  5644 | D:5      | Entered Level 5 of the Dungeon
  5703 | D:5      | Reached * piety under Vehumet
  5703 | D:5      | Offered knowledge of Sandblast by Vehumet.
  5704 | D:5      | Gained mutation: Your muscles are strong. (Str +2) [potion
                  | of mutation]
  5704 | D:5      | Gained mutation: You are dopey. (Int -2) [potion of
                  | mutation]
  5704 | D:5      | Gained mutation: You are somewhat resistant to further
                  | mutation. [potion of mutation]
  5718 | D:5      | Killed from afar by a white imp
  5719 | D:5      | Reached XP level 6. HP: -2/27 MP: 0/13
  5719 | D:5      | Found a glowing drain.
  5786 | Sewer    | Entered a sewer
  6935 | D:5      | Noticed an ice beast
  6942 | D:5      | Killed an ice beast
  6943 | D:5      | Reached XP level 7. HP: 31/31 MP: 9/14
  7030 | D:5      | Reached ** piety under Vehumet
  7030 | D:5      | Offered knowledge of Magic Dart by Vehumet.
  7906 | D:6      | Identified a scroll of acquirement
  7906 | D:6      | Acquired 573 gold pieces
  8199 | D:6      | Reached skill level 5 in Spellcasting
  8323 | D:6      | Learned a level 1 spell: Magic Dart
  8408 | D:6      | You fall into a shaft and drop 3 floors!
  8414 | D:9      | Found a runed translucent door.
  8414 | D:9      | Found a shimmering altar of Xom.
  8414 | D:9      | Noticed DemonSlayer's ghost (novice DsFE)
  8416 | D:9      | Noticed a +2 trident of chaos
  8449 | D:9      | Reached skill level 6 in Fire Magic
  8449 | D:9      | Reached XP level 8. HP: 19/36 MP: 11/16
  8626 | D:9      | Noticed a troll
  8638 | D:9      | Killed a troll
  8830 | D:9      | Learned a level 4 spell: Flame Wave
  8936 | D:9      | Noticed a two-headed ogre
  9058 | D:8      | Noticed a red ugly thing
  9060 | D:8      | Noticed a red ugly thing
  9061 | D:8      | Noticed Grum
  9069 | D:8      | Reached skill level 5 in Conjurations
  9071 | D:8      | Demolished by Grum

Illustrated notes

Levels and vault maps discovered:
D:1:      dpeg_arrival_rooms_a, layout_basic, dilly_ecumenical_altar_fadedgnrine
D:2:      layout_rooms, minivault_4
D:3:      layout_basic, serial_curves, eino_curves_04, eino_curves_04,
          eino_curves_02, hangedman_decor_clover_reticule,
          uniq_crazy_yiuf_cottage, uniq_sigmund
D:4:      layout_basic, minmay_temple_entry_large_hall,
          gammafunk_ghost_necromancy
D:5:      layout_layer_cave, cheibrodos_sewer_entry_bend
D:6:      layout_basic, trog_hazing_becter, lemuel_flame_loot_1
D:8:      gammafunk_corrupted_shrine, layout_rooms, minmay_checkerbox, uniq_grum
D:9:      layout_stronghold, ebering_ghost_xom, uniq_maggie
Temple:   minmay_crystal_snake_temple

Skill      XL: |  1  2  3  4  5  6  7  8 |
---------------+-------------------------+-----
Fire Magic     | 3 4 5 6 |  6.8
Conjurations   | 1 3 4 5 |  5.2
Dodging        | 3 4 |  4.4
Stealth        | 3 |  3.0
Fighting       | 1 3 4 |  4.5
Unarmed Combat | 1 |  1.1
Spellcasting   | 3 5 |  5.0

Action                   |  1- 3 |  4- 6 |  7- 9 || total
-------------------------+-------+-------+-------++-------
Melee: Unarmed           |    27 |    22 |     4 ||    53
       Bite              |     2 |     2 |       ||     4
       Punch             |     1 |       |       ||     1
 Cast: Foxfire           |    67 |   119 |    68 ||   254
       Scorch            |     4 |    45 |    22 ||    71
       Conjure Flame     |       |     4 |       ||     4
       Magic Dart        |       |       |     4 ||     4
       Flame Wave        |       |       |     3 ||     3
  Use: Scroll            |     4 |       |    12 ||    16
       Potion            |       |     1 |     3 ||     4
 Stab: Sleeping          |     4 |       |       ||     4
Armor: Skin              |     6 |     6 |     5 ||    17
Dodge: Dodged            |    55 |    75 |    50 ||   180
